[Event "FIDE World School-ch O-15 2025"]
[Site "Vrnjacka Banja"]
[Date "2025.03.22"]
[Round "4.1"]
[White "Kabinazar, Nurmukhammed"]
[Black "Scheglov, Gleb"]
[Result "1-0"]
[Annotator "TA"]
[ECO "B11"]
[WhiteElo "2057"]
[BlackElo "2306"]
[PlyCount "87"]
[EventDate "2025.03.19"]
[EventType "swiss"]
[EventCountry "SRB"]
[SourceTitle "playchess.com"]
[Source "ChessBase"]
[SourceQuality "1"]
[TimeControl "5400+30"]

1. e4 c6 2. Nf3 d5 3. Nc3 dxe4 4. Nxe4 Nf6 5. Qe2 Nxe4 6. Qxe4 Qa5 {[%emt 0:03:09] B11: Caro-Kann: Two Knights Variation.} 7. Qf4 Qf5 {[%emt 0:00:43] Inhibits Bd3.} 8. Qe3 Qe6 {[%emt 0:00:06] The position is equal.} 9. b3 Na6 10. Bxa6 bxa6 (10... Qxe3+ 11. fxe3 bxa6 12. Rg1 $14) 11. O-O $146 {[%emt 0:00:00] White is more active.} (11. Bb2 Qxe3+ 12. fxe3 f6 13. O-O-O e6 14. d4 Be7 15. e4 O-O 16. Rhe1 Rd8 17. Bc3 {0-1 Postlmayer,J (2182)-Kostenko,P (2365) Wch Blitz Almaty 2022 (17)}) 11... Qxe3 12. fxe3 f6 {[%emt 0:06:16] Against Ne5. Black is weak on the dark squares} 13. Ba3 Bg4 14. Ne1 e5 {[%emt 0:13:48] Prevents Rf4.} 15. Bxf8 Rxf8 16. e4 O-O-O 17. d3 a5 18. a4 Kc7 19. h3 Be6 20. Nf3 Kb6 21. Kf2 Rd7 22. Ke3 Rfd8 23. Kd2 Kc5 24. Kc3 Kd6 25. Rf2 Ke7 26. Nd2 Rd4 27. Nf3 R4d7 28. Nd2 Rd4 $1 29. Nf1 {[%emt 0:00:00] Black is now going downhill.} Rb4 (29... Rh8 $14) 30. Ne3 h5 31. g4 $1 hxg4 32. hxg4 Rh8 {[%emt 0:00:16] [#] Inhibits Rh1.} 33. g5 $1 Rh3 34. gxf6+ gxf6 35. Kd2 Rb8 36. Rg1 Kf7 {[%emt 0:09:39] [#]} (36... Rf8 $16 37. Rg7+ Rf7) 37. Rfg2 $1 $18 Rh7 {[%emt 0:02:39] Inhibits Rg7+.} 38. Kc3 Rb4 39. Rg8 Ke7 $2 (39... Rb7 40. Nc4 Bxc4) 40. R8g7+ Rxg7 41. Rxg7+ Bf7 42. Rh7 Rb8 43. Nc4 Rc8 $2 {[%emt 0:00:17] [#]} (43... Rf8 44. Nxa5 Kd7) 44. Rxf7+ $1 {[%emt 0:00:00][%mdl 512] Weighted Error Value: White=0.18 (very precise) /Black=0.37  Mistake:       	---       	Black=4      Inaccurate:     	White=3     	Black=5      OK:         	White=18    	Black=9      Best:        	---       	Black=3      Strong:       	White=1     	Black=1      Brilliant:      	White=1     	---} 1-0

[Event "FIDE World School-ch O-15 2025"]
[Site "Vrnjacka Banja"]
[Date "2025.03.22"]
[Round "4.2"]
[White "Tabatadze, Erekle"]
[Black "Dandeniya, D D L N"]
[Result "1-0"]
[Annotator "TA"]
[ECO "A41"]
[WhiteElo "2180"]
[BlackElo "1881"]
[PlyCount "121"]
[EventDate "2025.03.19"]
[EventType "swiss"]
[EventCountry "SRB"]
[SourceTitle "playchess.com"]
[Source "ChessBase"]
[SourceQuality "1"]
[TimeControl "5400+30"]

1. d4 d6 2. c4 e5 3. d5 f5 4. e4 fxe4 5. Nc3 Nf6 6. Nge2 {[%emt 0:00:12][%mdl 1024] White has compensation. A41: 1 d4 d6: Tartakower System and Modern Defence.} Bf5 7. Ng3 Bg6 8. Bg5 {[%emt 0:00:27] White has an edge.} Be7 (8... Nbd7 $11 {keeps the balance.}) 9. h4 $1 $16 h6 10. Bxf6 Bxf6 11. h5 (11. Ncxe4 $14 Nd7 12. Qg4) 11... Bh7 $11 12. Ncxe4 $146 (12. Ngxe4 Nd7 13. Bd3 O-O 14. Qc2 Kh8 15. O-O-O Be7 16. f3 a6 17. Kb1 Qb8 18. Rhe1 {0-1 Heberla,B (2562)-Petrosian,T (2573) Wch Blitz Warsaw 2021 (1)}) 12... O-O 13. Bd3 Nd7 14. Qg4 {[%emt 0:01:48] Dodges Bh4} Kh8 15. Rd1 Be7 16. Ne2 Rc8 {[%emt 0:07:07] Black is weak on the light squares} 17. Rh3 (17. N2c3 $11) 17... Bf5 $17 18. Qf3 Bxh3 19. Qxh3 c6 20. Bb1 cxd5 21. cxd5 Qa5+ (21... Bh4 $142 22. g3 Be7) 22. N2c3 Nf6 23. Qf5 {[%emt 0:05:27] White wants to mate with Nxf6.} Nh7 (23... Nxe4 $2 24. Qxe4 $18) 24. Qg6 Rf4 25. Qe6 (25. Nxd6 $11 {was the only way to keep the balance.} Nf8 26. Nf7+ Kg8 27. Nxh6+ Kh8 28. Nf7+ Kg8 29. Nh6+) 25... Qd8 26. g3 Nf8 27. Qh3 Rf7 28. Bd3 a6 29. Be2 b5 30. a3 Rb8 31. b4 (31. Kf1 $17) 31... Qd7 (31... Qb6 $19 32. Bg4 Nh7) 32. Bg4 Qc7 33. Rd3 (33. Bf5 $17 {keeps fighting.}) 33... Qc4 ({Black should try} 33... a5 $19 {...axb4 is the strong threat.} 34. Be2 Nh7 35. bxa5 Kg8 (35... Qxa5 $2 36. Qd7 $19)) 34. Qf1 {[%emt 0:01:38] [#]} a5 35. Qe2 $2 (35. Rd2 $15) 35... axb4 $19 36. Nd2 Qc7 (36... bxc3 $19 37. Nxc4 bxc4) 37. axb4 $17 Bd8 (37... Nh7 $142 38. Be6 Rff8) 38. Kf1 Qe7 (38... Nh7 $15) 39. Nde4 Bb6 (39... Nh7 {keeps more tension.} 40. Kg2 Rf8 41. Rf3 Rxf3 42. Qxf3 Bb6) 40. Nxb5 Bxf2 41. Nbxd6 {[%emt 0:00:11] Excellent horsemanship.} (41. Nexd6 Rf6 42. Ne4 Bxg3+ 43. Nxf6 Qxf6+ 44. Qf3 Rxb5 (44... Bf4 45. Nc3 $11)) 41... Bxg3+ (41... Bd4+ $1 $11 42. Nxf7+ Qxf7+ 43. Kg2 Qxd5) 42. Nxf7+ $16 Qxf7+ 43. Kg2 (43. Qf3 {simplifies} Qxf3+ 44. Rxf3 Bh4 45. b5) 43... Bf4 (43... Bh4 $1 $14) 44. d6 Qb7 (44... Rd8 $142 45. d7 Qe7 (45... Nxd7 $2 46. Nc5 $18)) 45. d7 $18 Rd8 46. Qf3 Qxb4 (46... Nxd7 47. Nd6 Qxf3+ 48. Kxf3 Rb8) 47. Nd6 $1 Qb2+ 48. Kf1 {[%emt 0:01:34] Black must now prevent Nf7+.} (48. Qf2 Qb1 $18 (48... Qxf2+ $2 49. Kxf2 e4 50. Nxe4 $18)) 48... Qa1+ 49. Rd1 (49. Qd1 Qa2 $18) 49... Qa2 {[%emt 0:01:04] Repels Nf7+} 50. Nb7 Qa6+ 51. Kg2 Qa2+ {[%emt 0:00:15] [#]} 52. Qf2 $2 (52. Kg1 $1 $18 Qh2+ 53. Kf1 Rxd7 (53... e4 $2 54. Qxe4 $18) 54. Bxd7) 52... Qa8 $14 53. Qf3 (53. Qb2 $1 $14) 53... Qa2+ $18 {[%emt 0:00:02] [#]} 54. Kg1 $1 e4 55. Qxe4 (55. Qxf4 Qa7+ 56. Qf2 Qxb7 $11) (55. Qf2 $142 Qxf2+ 56. Kxf2 Rxd7 57. Bxd7) 55... Bg3 $2 (55... Bh2+ 56. Kh1 Bc7) 56. Qg2 {[%emt 0:00:31] Active counter play!} (56. Nxd8 $2 {leads to mate.} Qh2+ 57. Kf1 Qf2#) 56... Qa4 57. Nxd8 ({Weaker is} 57. Qxg3 Qa7+ 58. Qf2 Qxb7 $16) 57... Qxg4 58. Nf7+ {[%emt 0:00:05] White mates.} Kg8 59. d8=Q Kxf7 60. Qgd5+ Ne6 61. Q5d7# {[%emt 0:00:00] What a bad dream for Black.   Weighted Error Value: White=0.39/Black=0.53  Loses game:     	White=1     	---        Missed win:     	White=1     	---        Mistake:       	White=7     	Black=13     Inaccurate:     	White=5     	Black=4      OK:         	White=18    	Black=17     Best:        	White=5     	Black=5      Strong:       	White=3     	---} 1-0

[Event "FIDE World School-ch O-15 2025"]
[Site "Vrnjacka Banja"]
[Date "2025.03.22"]
[Round "4.3"]
[White "Kim, Yejun"]
[Black "Mane, Arnav"]
[Result "1/2-1/2"]
[Annotator "NA RC"]
[ECO "B23"]
[WhiteElo "1798"]
[BlackElo "1748"]
[PlyCount "85"]
[EventDate "2025.03.19"]
[EventType "swiss"]
[EventCountry "SRB"]
[SourceTitle "playchess.com"]
[Source "ChessBase"]
[SourceQuality "1"]
[TimeControl "5400+30"]

1. e4 c5 2. Nc3 g6 3. f4 Bg7 4. Nf3 Nc6 5. Bb5 Nd4 6. O-O Nxb5 7. Nxb5 d5 8. e5 a6 9. Nc3 e6 10. d4 Qc7 11. Be3 cxd4 12. Nxd4 Ne7 13. Qd2 O-O 14. a4 f6 15. exf6 Bxf6 16. a5 Nc6 17. Nxc6 Qxc6 18. Bd4 Bd7 19. Bxf6 Rxf6 20. Qd4 Raf8 21. g3 Qc7 22. Rfe1 Rf5 23. Na4 Bxa4 24. Rxa4 Qxc2 25. Rxe6 Qb1+ 26. Kg2 Rc8 27. Re2 Rc1 28. Rb4 Rc2 29. Qd3 Rxe2+ 30. Qxe2 Rf7 31. Qe8+ Kg7 32. Qe5+ Kh6 33. g4 Qd1 34. g5+ Kh5 35. Kf2 Qd2+ 36. Qe2+ Qxe2+ 37. Kxe2 Kg4 38. Ke3 Re7+ 39. Kf2 Rc7 40. Ke3 Re7+ 41. Kf2 Kh3 42. Rd4 Kg4 43. Rb4 1/2-1/2

[Event "FIDE World School-ch O-15 2025"]
[Site "Vrnjacka Banja"]
[Date "2025.03.22"]
[Round "4.4"]
[White "Harabor, David-Alexandru"]
[Black "Durucay, Uygar"]
[Result "1/2-1/2"]
[Annotator "TA"]
[ECO "B12"]
[WhiteElo "1989"]
[BlackElo "2159"]
[PlyCount "109"]
[EventDate "2025.03.19"]
[EventType "swiss"]
[EventCountry "SRB"]
[SourceTitle "playchess.com"]
[Source "ChessBase"]
[SourceQuality "1"]
[TimeControl "5400+30"]

1. e4 c6 2. d4 d5 3. f3 Qb6 4. Nc3 dxe4 5. fxe4 e5 $1 6. Nf3 {[%emt 0:03:39] B12: Caro-Kann: Advance Variation.} exd4 7. Qxd4 Qxd4 8. Nxd4 Bc5 9. Nb3 Bd6 10. Be3 Nd7 {[%emt 0:00:55] Not much happening anymore} 11. O-O-O Be5 12. Nd4 Ngf6 13. Be2 $146 ({Predecessor:} 13. Bc4 Ng4 14. Bg1 Bf4+ 15. Kb1 Nde5 16. Bb3 g6 17. Nf3 f6 18. Ne2 Be3 19. Nxe5 fxe5 {½-½ Gergacz,A (2425)-Kreisl,R (2376) AUT-chT2M 1011 2010 (3)}) 13... Nb6 14. h3 {[%emt 0:08:36] Repels Bg4} Be6 15. Nxe6 fxe6 16. Bd4 Bxd4 17. Rxd4 Nfd7 18. Rf1 Ne5 19. b3 Ke7 20. Kb2 Rhf8 21. Rdd1 Rxf1 22. Rxf1 Nbd7 23. Kc1 b5 24. Kd2 a5 25. a4 b4 26. Nd1 Rc8 27. Nb2 c5 28. Rc1 Nc6 29. Ke3 Nde5 30. c3 bxc3 31. Rxc3 Kd6 32. Nc4+ Nxc4+ 33. Bxc4 $15 {[%emt 0:00:15][%mdl 4096] Endgame KRB-KRN} Nd4 34. Rc1 Rf8 35. Bd3 e5 36. Bc4 g5 37. Rd1 Rf4 38. Be2 Kc7 {[%emt 0:00:39][%cal Od4e2] ...Nxe2! is the strong threat.} 39. g3 Rf8 40. Rc1 Kc6 41. Rc3 Rb8 42. Bc4 {[%emt 0:00:09] The position is equal.} Kd6 43. Kf2 Rf8+ 44. Kg2 h5 45. Rc1 Ke7 46. Rf1 Rxf1 47. Kxf1 $11 {[%emt 0:00:08] KB-KN} h4 48. g4 Kd6 49. Kf2 Nc6 50. Ke3 Ne7 51. Kd3 Nc6 52. Ke3 Nb4 53. Kd2 Nc6 54. Ke3 Nd4 55. Kd2 {[%emt 0:00:47] Weighted Error Value: White=0.06 (flawless) /Black=0.05 (flawless)   Inaccurate:     	White=1     	Black=3      OK:         	White=19    	Black=18     Best:        	---       	Black=3} 1/2-1/2

[Event "FIDE World School-ch O-15 2025"]
[Site "Vrnjacka Banja"]
[Date "2025.03.22"]
[Round "4.5"]
[White "Leu, Dragos Stefan"]
[Black "Khaleev, Timofey D"]
[Result "0-1"]
[Annotator "TA"]
[ECO "B36"]
[WhiteElo "2165"]
[BlackElo "1919"]
[PlyCount "80"]
[EventDate "2025.03.19"]
[EventType "swiss"]
[EventCountry "SRB"]
[SourceTitle "playchess.com"]
[Source "ChessBase"]
[SourceQuality "1"]
[TimeControl "5400+30"]

1. e4 c5 2. Nf3 g6 3. d4 cxd4 4. Nxd4 Nc6 5. c4 Nf6 6. Nc3 Nxd4 7. Qxd4 d6 8. Be3 Bg7 9. f3 O-O 10. Qd2 Qa5 11. Be2 Be6 12. O-O Rfc8 13. b3 a6 {[%emt 0:01:13] B36: Sicilian: Maroczy Bind: Gurgenidze System.} 14. Rab1 b5 15. b4 Qc7 {[%emt 0:01:22] The position is equal.} 16. Nd5 Nxd5 17. exd5 Bf5 18. Rbc1 bxc4 19. Bxc4 $146 ({Predecessor:} 19. Rxc4 Qb7 20. Rfc1 Rxc4 21. Rxc4 Bd7 22. Bh6 Bb5 23. Rh4 Bf6 24. Bxb5 axb5 25. Bg5 Bxg5 26. Qxg5 {0-1 Su,K (1853)-Brady,T (2022) Dulles Skyline op-A 2022 (6)}) 19... Qb7 20. a4 Bd7 $36 {[%emt 0:02:00][%mdl 2048] White is under pressure.} 21. a5 $1 Bb5 22. Bxb5 Qxb5 23. Rxc8+ (23. Bg5 $11 {keeps the balance.}) 23... Rxc8 $17 {[%emt 0:00:05] Black keeps a firm grip on the game.} 24. Rc1 Rxc1+ 25. Qxc1 {[%emt 0:00:01] White wants to mate with Qc8+.} Qxb4 {[%emt 0:04:23][%mdl 4096] Endgame KQB-KQB. Black is a pawn up.} 26. Qc8+ Bf8 27. Kf1 {[%emt 0:00:47] [#] Wards off Qe1+} Qb5+ ({Much weaker is} 27... Qxa5 $6 28. Bh6 Qb5+ 29. Ke1 Qa5+ 30. Kf1 Qb5+ 31. Ke1 Qa5+ 32. Ke2 Qb5+ 33. Ke1 $11) 28. Kf2 Qxa5 29. Qa8 {[%emt 0:00:13] [#] Bh6 would now be deadly.} Qb4 $1 30. Qxa6 (30. g4 $17 {was called for.} Qb2+ 31. Kg1 Qa1+ 32. Kg2 Qb2+ 33. Kg1) 30... Qh4+ $19 31. Kf1 Qxh2 32. Qa8 Qh1+ 33. Kf2 Qh4+ 34. Kf1 e6 35. Qc6 {[%emt 0:01:21] Black is clearly better.} exd5 36. Qxd5 Be7 37. Bd4 Bf6 38. Bf2 Qf4 39. g3 Qe5 40. Qa8+ Kg7 {[%emt 0:00:04] Weighted Error Value: White=0.18 (very precise) /Black=0.05 (flawless)   Mistake:       	White=2     	---        OK:         	White=11    	Black=17     Best:        	White=2     	Black=2      Strong:       	White=1     	Black=1} 0-1

[Event "FIDE World School-ch O-15 2025"]
[Site "Vrnjacka Banja"]
[Date "2025.03.22"]
[Round "4.6"]
[White "Panic, Viktor"]
[Black "Talgatov, Nazar"]
[Result "0-1"]
[Annotator "TA"]
[ECO "C54"]
[WhiteElo "1945"]
[BlackElo "2083"]
[PlyCount "102"]
[EventDate "2025.03.19"]
[EventType "swiss"]
[EventCountry "SRB"]
[SourceTitle "playchess.com"]
[Source "ChessBase"]
[SourceQuality "1"]
[TimeControl "5400+30"]

1. e4 e5 2. Nf3 Nc6 3. Bc4 Nf6 4. d3 Bc5 5. c3 d6 6. O-O a5 {[%emt 0:01:04] C54: Giuoco Piano: 4 c3 Nf6, main lines with 5 d4 and 5 d3.} 7. Re1 O-O 8. h3 Ba7 {[%emt 0:04:00] The position is equal.} 9. a4 Be6 10. Bb5 Ne7 11. d4 c6 12. Bd3 Ng6 13. Nbd2 Nh5 14. Nf1 h6 15. Bc2 Nhf4 (15... Re8 $11) 16. Bxf4 (16. Ng3 $1 $14) 16... exf4 $146 (16... Nxf4 $11 17. dxe5 Qb6) (16... Nxf4 17. dxe5 Qb6 18. Qd2 dxe5 19. Nxe5 Ng6 20. Nd3 Rad8 21. Qe3 Qa6 22. Qg3 Bc4 {0-1 Priyanka,N (1957)-Petrosyan,M (2560) Sharjah Masters 2nd 2018 (5)}) 17. N1h2 c5 {[%emt 0:04:26] [#]} 18. h4 Nxh4 $11 19. Qd2 (19. d5 $11 Bc8 20. e5) 19... Ng6 20. Qd3 (20. d5 $15 Bc8 21. e5 Nxe5 22. Qxf4) 20... cxd4 $17 21. cxd4 Re8 22. e5 dxe5 23. Nxe5 Qxd4 (23... Bxd4 24. Nxg6 fxg6 25. Rad1 $16) 24. Nxg6 Qxd3 ({Much less strong is} 24... Qxf2+ 25. Kh1 Rad8 (25... fxg6 26. Rxe6 Rxe6 27. Bb3 $17) 26. Rxe6 fxe6 27. Ne7+ Kf8 (27... Rxe7 $2 {is the wrong capture.} 28. Qxd8+ Kf7 29. Bg6+ Kxg6 30. Qxe7 $18) (27... Kf7 28. Qh7 $15) 28. Ng6+ Kg8 29. Ne7+ Kf7 30. Qh7 $11) 25. Bxd3 fxg6 26. Bb5 Re7 27. Re2 (27. Re4 $17) 27... Kf7 $19 28. Rae1 {[%emt 0:00:08] [#]} Bc5 $1 29. Nf3 Bf5 {[%emt 0:01:55] aiming for ...Rd8.} 30. Rxe7+ Bxe7 {[%emt 0:00:01] A strong pair of Bishops.} 31. Re5 (31. Ne5+ $17 Kf6 32. Nd7+ Bxd7 33. Bxd7) 31... Bf6 32. Bc4+ Kf8 33. Rb5 Be4 34. Ne5 Bxe5 35. Rxe5 {[%emt 0:00:01][%mdl 4096] Endgame KRB-KRB. Black is two pawns up.} Bc6 36. b3 Bd7 (36... Be8 $19 37. Kh2 g5) 37. Rc5 $17 Be8 38. Rc7 {[%emt 0:00:19] [#]} Rb8 $1 39. f3 (39. Kh2 $17) 39... b6 $19 40. Kf2 g5 41. Ra7 Rd8 42. Rb7 Rd6 43. Ra7 h5 44. Rc7 g4 45. fxg4 hxg4 46. Be2 $2 (46. g3 Rd2+ 47. Kg1) 46... g3+ 47. Ke1 Bf7 {[%emt 0:00:56] Wards off Rc4} 48. Rc3 Ke7 49. Bb5 Bh5 50. Rc7+ Kf6 51. Rc8 Rd1# {[%emt 0:00:09] Weighted Error Value: White=0.42/Black=0.14 (very precise)   Mistake:       	White=8     	Black=3      Inaccurate:     	White=4     	Black=4      OK:         	White=11    	Black=16     Best:        	White=2     	Black=2      Strong:       	---       	Black=1} 0-1

[Event "FIDE World School-ch O-15 2025"]
[Site "Vrnjacka Banja"]
[Date "2025.03.22"]
[Round "4.7"]
[White "Urangoo, Gurvanbaatar"]
[Black "Markovic, Kosta"]
[Result "1-0"]
[Annotator "NA RC"]
[ECO "B99"]
[WhiteElo "1982"]
[BlackElo "1903"]
[PlyCount "97"]
[EventDate "2025.03.19"]
[EventType "swiss"]
[EventCountry "SRB"]
[SourceTitle "playchess.com"]
[Source "ChessBase"]
[SourceQuality "1"]
[TimeControl "5400+30"]

1. e4 c5 2. Nf3 d6 3. d4 cxd4 4. Nxd4 Nf6 5. Nc3 a6 6. Bg5 e6 7. f4 Be7 8. Qf3 Nbd7 9. O-O-O Qc7 10. Bd3 b5 11. Rhe1 Bb7 12. Qg3 b4 13. Nd5 exd5 14. exd5 Kd8 15. Nc6+ Bxc6 16. dxc6 Qxc6 17. Bxf6 Nxf6 18. Qxg7 Rg8 19. Qxf7 Qe8 20. Qb3 a5 21. Bc4 Rg7 22. g4 Kc7 23. g5 Nd7 24. Bd5 Nc5 25. Qe3 Rb8 26. h4 Qg6 27. Qd4 h5 28. f5 Bxg5+ 29. hxg5 Qxg5+ 30. Kb1 Qg4 31. Be4 Rd7 32. Qd5 Rb6 33. f6 Nxe4 34. Rxe4 Qg6 35. Rf1 Rf7 36. Rc4+ Kb8 37. Qxa5 Rbb7 38. Qd8+ Ka7 39. Rc8 Ka6 40. Qxd6+ Rb6 41. Ra8+ Ra7 42. Rxa7+ Kxa7 43. Qxb6+ Kxb6 44. f7 b3 45. axb3 Qd6 46. f8=Q Qxf8 47. Rxf8 h4 48. Rh8 h3 49. Rxh3 1-0

[Event "FIDE World School-ch O-15 2025"]
[Site "Vrnjacka Banja"]
[Date "2025.03.22"]
[Round "4.8"]
[White "Blagoveshchenskiy, Roman"]
[Black "Cirkovic, Vuk"]
[Result "0-1"]
[Annotator "NA RC"]
[ECO "E97"]
[WhiteElo "1910"]
[BlackElo "1981"]
[PlyCount "116"]
[EventDate "2025.03.19"]
[EventType "swiss"]
[EventCountry "SRB"]
[SourceTitle "playchess.com"]
[Source "ChessBase"]
[SourceQuality "1"]
[TimeControl "5400+30"]

1. d4 Nf6 2. c4 g6 3. Nc3 Bg7 4. e4 d6 5. Nf3 O-O 6. Be2 e5 7. O-O Nc6 8. Be3 Ng4 9. Bg5 f6 10. Bh4 g5 11. Bg3 Nh6 12. dxe5 fxe5 13. Nd5 Be6 14. Rc1 Nf7 15. c5 h5 16. h4 g4 17. Ng5 Nxg5 18. hxg5 Nd4 19. cxd6 Bxd5 20. exd5 cxd6 21. g6 Qg5 22. Rc3 Nf5 23. f4 gxf3 24. Rfxf3 e4 25. Bf4 Qh4 26. g3 Qh3 27. Rf2 Bd4 28. Bf1 Bxf2+ 29. Kxf2 Qh2+ 30. Ke1 Rac8 31. Qe2 Qxe2+ 32. Bxe2 Rxc3 33. bxc3 h4 34. gxh4 Nxh4 35. Bxd6 Ng2+ 36. Kd2 Rd8 37. Bf1 Rxd6 38. Bxg2 Rxd5+ 39. Ke3 Rd3+ 40. Kxe4 Rxc3 41. Ke5 b6 42. Kf6 Rd3 43. Be4 Rd6+ 44. Ke5 Rd2 45. Kf6 Rf2+ 46. Ke5 Kg7 47. a4 Ra2 48. Bc6 Rd2 49. Bd5 Kxg6 50. Kd6 Rd4 51. a5 bxa5 52. Kc5 Rb4 53. Bc6 Kf6 54. Bb5 Ke5 55. Bc6 Kf4 56. Bb5 Ke3 57. Bc6 Kd3 58. Bb5+ Kc3 0-1